AoeStats
← Augustus Bombastus von Hohenheim

Arabian Desert

508603385Analyzed
1v1 RM · 11d ago on Sep 23, 2026· 24m 10s· 2 players
Game mode
Random Map
Map size
Tiny (2 player)
Population
200
Speed
Normal
Resources
Standard
Victory
Conquest
Starting age
Dark Age
Ending age
Imperial Age
RankedLock teamsTeams togetherTeam positionsShared explorationLock speedFull tech treeHidden civsTurbo modeCheats
Victory
Defeat
🇨🇳 Japanese · China
2078
+13
2014
-13
Augustus Bombastus von Hohenheim
6:17 Loom
9:35 Feudal Age
19:53 Town Watch
20:16 Fletching
新竹
6:27 Loom
8:53 Feudal Age
8:56 Man-at-Arms
20:21 Forging
22:13 Fletching
25:39 Castle Age
23:46 Double-Bit Axe
23:57 Horse Collar
Connection lost

Rejoining the realm…

Still unreachable

The connection could not be restored.

Session expired

The server has moved on; the page needs a fresh start.